 Dungeon Crawl Stone Soup version 0.14.0-12-g87ee3b7 (webtiles) character file.

2392 Deemzul the Martial Artist (level 9, -2/48 HPs)
             Began as a Vine Stalker Monk on Apr 15, 2014.
             Was a Priest of Okawaru.
             Slain by a killer bee (5 damage)
             ... on Level 7 of the Dungeon.
             The game lasted 00:11:43 (5582 turns).

Deemzul the Martial Artist (Vine Stalker Monk)      Turns: 5582, Time: 00:11:43

HP  -2/48        AC  7     Str 14      XL: 9   Next: 37%
MP   0/12        EV 14     Int 10      God: Okawaru [***...]
Gold 136         SH  0     Dex 20      Spells:  0 memorised,  8 levels left

rFire  . . .     SeeInvis .     A - +10,+4 quarterstaff of the Eleven Deaths {freeze, rN+ Stlth+}
rCold  . . .     Clarity  .     a - +1 leather armour {rPois}
rNeg   + . .     Conserve +     (no shield)
rPois  +         rCorr    +     (no helmet)
rElec  .         rRot     +     r - +2 cloak {rCorr, Cons}
SustAb . .       Spirit   +     (no gloves)
rMut   .         Warding  .     (no boots)
Saprov . . .     Stasis   .     (no amulet)
MR     +....                    (no ring)
                                (no ring)

@: lethally poisoned, hasted, very quick, somewhat resistant to hostile
enchantments, quite stealthy
A: fangs 3, regeneration 2, magic shield, antimagic bite, no device heal
a: Heroism, Renounce Religion


You were on level 7 of the Dungeon.
You worshipped Okawaru.
Okawaru was most pleased with you.
You were not hungry.

You visited 2 branches of the dungeon, and saw 8 of its levels.
You also visited: Sewer.

You collected 278 gold pieces.
You spent 142 gold pieces at shops.

Inventory:

Hand weapons
 w - a +0 blowgun
 A - the +10,+4 quarterstaff of the Eleven Deaths (weapon) {freeze, rN+ Stlth+}
   (You took it off a kobold on level 7 of the Dungeon)

   It has been specially enchanted to freeze those struck by it, causing extra
   injury to most foes and up to double damage against particularly susceptible
   opponents.
   It can also slow down cold-blooded creatures.
   It protects you from negative energy.
   It makes you much more stealthy.
Missiles
 v - 7 curare-tipped needles
 y - a throwing net (quivered)
Armour
 a - a +1 leather armour of poison resistance (worn)
 d - a +2 robe
 r - a +2 cloak of preservation (worn)
Magical devices
 n - a wand of slowing (23)
 s - a wand of teleportation (0)
 u - a wand of polymorph (7)
 x - a wand of draining (3)
Comestibles
 b - 5 bread rations
 i - a snozzcumber
 o - 15 grapes
 z - 2 meat rations
Scrolls
 c - a scroll of fog {unknown}
 e - 3 scrolls of remove curse {unknown}
 f - 11 scrolls of identify {unknown}
 g - 2 scrolls of enchant weapon I {unknown}
 j - a scroll of fear {unknown}
 k - 2 scrolls of recharging
 l - a scroll of teleportation
Potions
 m - 2 potions of haste
 p - 5 potions of curing
 B - a potion of brilliance
Books
 h - a book of Beasts

   Spells                             Type                      Level
   Summon Butterflies                 Summoning                    1
   Call Canine Familiar               Summoning                    3
   Summon Ice Beast                   Ice/Summoning                4
   Summon Mana Viper                  Hexes/Summoning              5
   Monstrous Menagerie                Summoning                    6
   Summon Hydra                       Summoning                    7
 q - a book of Hinderance

   Spells                             Type                      Level
   Confusing Touch                    Hexes                        1
   Confuse                            Hexes                        3
   Petrify                            Transmutation/Earth          4
   Leda's Liquefaction                Hexes/Earth                  4
   Metabolic Englaciation             Hexes/Ice                    5
   Summon Mana Viper                  Hexes/Summoning              5
 t - a book of Unlife

   Spells                             Type                      Level
   Recall                             Summoning/Translocation      3
   Animate Dead                       Necromancy                   4
   Control Undead                     Necromancy                   4
   Twisted Resurrection               Necromancy                   5
   Death Channel                      Necromancy                   6
   Simulacrum                         Ice/Necromancy               6


   Skills:
 + Level 6.1 Fighting
 + Level 3.1 Armour
 + Level 4.1 Dodging
 + Level 2.9 Stealth
 + Level 9.7 Unarmed Combat


You had 8 spell levels left.
You didn't know any spells.

Dungeon Overview and Level Annotations

Branches:
Dungeon (7/15)             Temple (1/1) D:6

Altars:
Ashenzari
Cheibriados
Dithmenos
Kikubaaqudgha
Makhleb
Okawaru
Yredelemnul
Zin
The Shining One

Shops:
D:7 !


Innate Abilities, Weirdness & Mutations

You are immune to rotting.
You have razor-sharp teeth.
You heal very quickly.
When hurt, damage is shared between your health and your magic reserves.
Your bite disrupts and absorbs the magic of your enemies.
Potions and wands cannot restore your HP.


Message History

The killer bee closely misses you.
The killer bee stings you but does no damage.
You barely miss the killer bee. Your bite misses the killer bee.
The killer bee stings you.
* * * LOW HITPOINT WARNING * * *
The killer bee misses you.
Unknown command.
Drink which item? (? for menu, Esc to quit)
Okay, then.
Unknown command.
Read which item? (? for menu, Esc to quit)
Okay, then.
Unknown command.
Drink which item? (? for menu, Esc to quit)
Okay, then.
Unknown command.
Drink which item? (? for menu, Esc to quit)
You feel yourself speed up.
You feel sick. The killer bee closely misses you. The killer bee stings you.
You die...

.# #+ .# ...
#####.+.....
#.....#...
#.....'. #.....#
#.....# ..#
####k## #.#
#@######.##
#.........#
#.....##..### ##
##....#.....#####.
#....#...........
##...............
#........[####..
#.......### #..
#.......# #..


You could see a killer bee.

Vanquished Creatures
  A wyvern (D:7)
  An ice beast (D:6)
  An orc warrior (D:7)
  A black bear (D:7)
  2 phantoms
  An ogre (D:3)
  Sigmund (D:4)
  Duvessa (D:4)
  A big kobold (Sewer)
  Blork the orc (D:4)
  5 giant frogs
  2 scorpions (D:7)
  4 killer bees (D:7)
  2 crimson imps
  A big fish (Sewer)
  Dowan (D:4)
  A giant frog skeleton (D:7)
  An iron imp (D:6)
  An orc priest (D:6)
  2 orc wizards (D:5)
  2 hounds
  2 jellies
  Natasha (D:6)
  An iguana (D:5)
  2 worker ants
  4 adders
  2 orc zombies (D:6)
  A green rat (Sewer)
  5 giant mites
  A worm (D:4)
  An iguana skeleton (D:5)
  2 giant eyeballs (D:6)
  4 giant geckos
  19 orcs
  3 giant cockroaches
  14 hobgoblins
  7 jackals
  17 bats
  4 giant newts
  9 goblins
  A hobgoblin skeleton (D:6)
  15 kobolds
  4 quokkas
  11 rats
163 creatures vanquished.

Notes
Turn   | Place    | Note
--------------------------------------------------------------
     0 | D:1      | Deemzul, the Vine Stalker Monk, began the quest for the Orb.
     0 | D:1      | Reached XP level 1. HP: 11/11 MP: 1/1
   166 | D:1      | Reached XP level 2. HP: 14/16 MP: 3/3
   820 | D:2      | Reached XP level 3. HP: 19/19 MP: 4/4
  1056 | D:2      | Reached skill level 5 in Unarmed Combat
  1472 | D:3      | Reached XP level 4. HP: 16/24 MP: 5/5
  1550 | D:3      | Noticed an ogre
  1558 | D:3      | Killed an ogre
  1558 | D:3      | Reached XP level 5. HP: 28/28 MP: 7/7
  2267 | D:4      | Noticed Duvessa
  2267 | D:4      | Noticed Dowan
  2271 | D:4      | Killed Dowan
  2271 | D:4      | Reached skill level 6 in Unarmed Combat
  2312 | D:4      | Killed Duvessa
  2312 | D:4      | Gained mutation: You heal very quickly. [vine stalker growth]
  2312 | D:4      | Reached XP level 6. HP: 33/33 MP: 5/8
  2463 | D:4      | Noticed Blork the orc
  2474 | D:4      | Killed Blork the orc
  2490 | D:4      | Reached skill level 7 in Unarmed Combat
  2574 | D:4      | Noticed Sigmund
  2588 | D:4      | Killed Sigmund
  2588 | D:4      | Reached XP level 7. HP: 29/38 MP: 9/9
  3002 | D:5      | Entered Level 5 of the Dungeon
  3418 | D:5      | Reached skill level 8 in Unarmed Combat
  3429 | D:5      | Reached skill level 5 in Fighting
  3737 | D:6      | Found a glowing drain.
  3765 | Sewer    | Entered a sewer
  3825 | Sewer    | Reached skill level 1 in Armour
  3825 | Sewer    | Gained mutation: You have razor-sharp teeth. [vine stalker growth]
  3825 | Sewer    | Reached XP level 8. HP: 27/43 MP: 11/11
  3849 | Sewer    | Found a white marble altar of Elyvilon.
  4028 | D:6      | Noticed Natasha
  4045 | D:6      | Killed Natasha
  4188 | D:6      | Found an ancient bone altar of Kikubaaqudgha.
  4414 | D:6      | HP: 3/64 [orc priest/hand axe of electrocution (17)]
  4615 | D:6      | Paralysed by a giant eyeball for 2 turns
  4617 | D:6      | Found a staircase to the Ecumenical Temple.
  4682 | Temple   | Entered the Ecumenical Temple
  4718 | Temple   | Became a worshipper of Warmaster Okawaru
  4718 | Temple   | Acquired Okawaru's first power
  4958 | D:7      | Reached skill level 9 in Unarmed Combat
  5095 | D:7      | Reached XP level 9. HP: 38/48 MP: 6/12
  5329 | D:7      | Identified a scroll of acquirement
  5333 | D:7      | Identified a +2 cloak of preservation (You acquired it on level 7 of the Dungeon)
  5375 | D:7      | Got a brightly glowing quarterstaff
  5376 | D:7      | Identified the +10,+4 quarterstaff of the Eleven Deaths {freeze, rN+ Stlth+} (You took it off a kobold on level 7 of the Dungeon)
  5478 | D:7      | Found Matit's Distillery.
  5483 | D:7      | Bought a potion of brilliance for 37 gold pieces
  5483 | D:7      | Bought a potion of haste for 105 gold pieces
  5582 | D:7      | Slain by a killer bee

Action                   |  1- 3 |  4- 6 |  7- 9 || total
-------------------------+-------+-------+-------++-------
Melee: Unarmed           |   117 |    99 |   286 ||   502
       Quarterstaff      |       |       |    22 ||    22
Evoke: Wand              |       |       |     4 ||     4
  Use: Potion            |     3 |     3 |     5 ||    11
       Scroll            |       |       |     6 ||     6
 Stab: Sleeping          |     9 |     4 |    11 ||    24
       Distracted        |       |     1 |       ||     1
